 Dungeon Crawl Stone Soup version 0.30-a0-1008-g30c9307041 (webtiles) character file.

Game seed: 4174565353241549798

88 halvedace the Grasshopper (level 4, 0/42 HPs)
             Began as a Troll Warper on Apr 5, 2023.
             Slain by an orc
             ... wielding a +0 mace
              (7 damage)
             ... on level 4 of the Dungeon.
             The game lasted 00:08:42 (1954 turns).

halvedace the Grasshopper (Troll Warper)            Turns: 1954, Time: 00:08:42

Health: 0/42       AC:  5    Str: 20 (21) XL:     4   Next: 29%
Magic:  12/15      EV: 10    Int:  8 (11) God:
Gold:   76         SH:  0    Dex: 13 (15) Spells: 4/6 levels left

rFire   . . .      SeeInvis .    d - +4 dagger
rCold   . . .      Faith    .    (no shield)
rNeg    . . .      Spirit   .    a - +1 robe
rPois   .          Reflect  .    (helmet restricted)
rElec   .          Rampage  .    (no cloak)
rCorr   .                        (gloves unavailable)
Will    .....                    (boots unavailable)
Stlth   +                        (no amulet)
HPRegen 1.07/turn                e - ring of magical power
MPRegen 0.14/turn                f - ring "Afoedig" {Str+2 Dex+6}

@: corroded, very slightly contaminated
A: large, unfitting armour, claws 3, regeneration 1, shaggy fur 1, tough skin 1,
horns 1, iridescent scales 2, high MP 1
a: no special abilities


You were on level 4 of the Dungeon.
You visited 1 branch of the dungeon, and saw 4 of its levels.

You collected 76 gold pieces.

Inventory:

Hand Weapons
 d - a +4 dagger (weapon)
Missiles
 c - 10 boomerangs of dispersal
 g - 21 stones
Armour
 a - a +1 robe (worn)
 h - a +0 pair of gloves
Jewellery
 b - a +6 ring of dexterity
 e - a ring of magical power (left claw)
 f - the ring "Afoedig" (right claw) {Str+2 Dex+6}
   (You found it on level 2 of the Dungeon)

   [ring of dexterity]

   Str:       It affects your strength (+2).
   Dex:       It affects your dexterity (+6).
Wands
 j - a wand of quicksilver (11)
Scrolls
 i - a scroll of vulnerability


   Skills:
 + Level 2.1 Fighting
 + Level 0.7 Short Blades
 - Level 1.0 Throwing
 + Level 2.2 Dodging
 + Level 2.5 Unarmed Combat
 + Level 1.6 Spellcasting
 + Level 2.5 Translocations


You had 4 spell levels left.
You knew the following spells:

 Your Spells              Type           Power      Damage    Failure   Level
a - Blink                 Tloc           8%         N/A       21%         2

Your spell library contained the following spells:

 Spells                   Type           Power      Damage    Failure   Level
 Lesser Beckoning         Tloc           8%         N/A       21%         2
 Teleport Other           Tloc           4%         N/A       36%         3
 Vhi's Electric Charge    Tloc/Air       4%         N/A       54%         3
 Ozocubu's Armour         Ice            0%         N/A       73%         3
 Manifold Assault         Tloc           4%         N/A       78%         4
 Ozocubu's Refrigeration  Ice            0%         4d7       100%        7


Dungeon Overview and Level Annotations

Branches:
Dungeon (4/15)             Temple (0/1) D:4

Altars:
Cheibriados
Kikubaaqudgha
Okawaru
Xom

Shops:
D:4 :

Annotations:
D:4 1 transporter


Innate Abilities, Weirdness & Mutations

You are too large for most types of armour.
You have claws for hands.
Your natural rate of healing is unusually fast.
You are covered in fur. (AC +1)
You have tough skin. (AC +1)
You have a pair of small horns on your head.
You are mostly covered in iridescent scales. (AC +4)
You have an increased reservoir of magic. (+10% MP)


Message History

The adder poisons you!
You hit the adder. Your headbutt misses the adder.
The adder is severely wounded.
You feel sick. The adder bites you. The jelly closely misses you.
The orc hits you with a +0 mace.
* * * LOW HITPOINT WARNING * * *
Casting: Blink (safe; 21% risk of failure)
Press: ? - help, Q - select action, (/) - cycle Dir - look around, f - activate You miscast Blink.
You are very lightly contaminated with residual magic.
Nothing appears to happen.
You feel sick. The adder closely misses you. The jelly barely misses you.
The orc closely misses you.
Casting: Blink (safe; 21% risk of failure)
Press: ? - help, Q - select action, (/) - cycle Dir - look around, f - activate You blink.
You feel sick.
You feel sick.
You feel sick.
You feel sick.
You feel sick.
You are no longer poisoned.
The adder closely misses you. x2
You aren't carrying any potions.
You hit the jelly.
Your claws burn!
* * * LOW HITPOINT WARNING * * *
You headbutt the jelly.
The jelly is heavily wounded.
The adder bites you but does no damage.
You hit the jelly but do no damage.
Your claws burn!
* * * LOW HITPOINT WARNING * * *
The jelly is heavily wounded.
You feel stable enough to blink again. The jelly closely misses you.
The adder barely misses you.
You hit the jelly but do no damage.
Your claws burn!
* * * LOW HITPOINT WARNING * * *
You headbutt the jelly!
You kill the jelly!
The orc hits you with a +0 mace!
You die...

######....#
........###
#......©#.
#(......####
#..........#### .
#.................
#......)..........
##.S<..)...........
#.@o...............
#....................
#...................#
##.............##....
#.............#..#..
##............#...##
#............##....
~#######.....#...#.
#.....#..#..


You could see an adder and an orc.

Vanquished Creatures
  A jelly (D:4)
  4 adders
  3 worms (D:3)
  2 dart slugs (D:3)
  4 orcs
  3 bats
  4 endoplasms
  3 goblins
  2 hobgoblins
  5 kobolds
  A ball python (D:3)
  3 frilled lizards
  2 rats (D:3)
37 creatures vanquished.

Vanquished Creatures (others)
  3 plants (D:3)
3 creatures vanquished.

Grand Total: 40 creatures vanquished

Notes
Turn   | Place    | Note
-------+----------+-------------------------------------------
     0 | D:1      | halvedace the Troll Warper began the quest for the Orb.
     0 | D:1      | Reached XP level 1. HP: 19/19 MP: 1/1
    69 | D:1      | Reached skill level 1 in Throwing
    84 | D:1      | You fall into a shaft and drop 1 floor!
   339 | D:2      | Reached XP level 2. HP: 24/28 MP: 3/3
   538 | D:2      | Identified the ring "Afoedig" {Str+2 Dex+6}
   795 | D:2      | Learned a level 2 spell: Blink
  1052 | D:2      | Gained mutation: You are frail. (-10% HP) [potion of
                  | mutation]
  1052 | D:2      | Gained mutation: Your spells are a little harder to cast,
                  | but a little more powerful. [potion of mutation]
  1052 | D:2      | Gained mutation: You have an increased reservoir of magic.
                  | (+10% MP) [potion of mutation]
  1211 | D:3      | Found a snail-covered altar of Cheibriados.
  1240 | D:3      | HP: 1/25 [worm (8)]
  1266 | D:3      | Reached XP level 3. HP: 20/31 MP: 4/4
  1414 | D:3      | Found an iron altar of Okawaru.
  1414 | D:3      | Found an ancient bone altar of Kikubaaqudgha.
  1419 | D:3      | Found a shimmering altar of Xom.
  1600 | D:3      | Reached XP level 4. HP: 37/37 MP: 6/6
  1685 | D:3      | Lost mutation: You are frail. (-10% HP) [potion of
                  | mutation]
  1685 | D:3      | Lost mutation: Your spells are a little harder to cast, but
                  | a little more powerful. [potion of mutation]
  1685 | D:3      | Gained mutation: You have a pair of small horns on your
                  | head. [potion of mutation]
  1685 | D:3      | Gained mutation: You are partially covered in iridescent
                  | scales. (AC +2) [potion of mutation]
  1685 | D:3      | Gained mutation: You are mostly covered in iridescent
                  | scales. (AC +4) [potion of mutation]
  1753 | D:4      | Found Plog's Book Shop.
  1782 | D:4      | Noticed a small abomination
  1843 | D:4      | Found a staircase to the Ecumenical Temple.
  1927 | D:4      | Found a transporter.
  1954 | D:4      | Slain by an orc

Illustrated notes

Levels and vault maps discovered:
D:1:      nicolae_arrival_memento_mori, layout_basic, serial_corexii_hall,
          chequers_hall_statues_corner_a, corexii_hall_statues_l,
          corexii_hall_statues_t, corexii_hall_statues_x,
          chequers_hall_statues_y, corexii_hall_statues_i,
          chequers_ecumenical_altar_grove
D:2:      layout_basic
D:3:      layout_rooms, slow_altar_1, gammafunk_temple_overflow_forgotten
D:4:      layout_gridville, cheibrodos_ashenzari_chains,
          nicolae_sif_muna_little_library, minmay_temple_entry_mini_moons,
          gammafunk_ghost_abyssal_escape, nicolae_stop_n_shop_1,
          chequers_serial_rivers_large_b

Skill      XL: |  1  2  3 |
---------------+----------+-----
Throwing       | 1 |  1.0
Dodging        | 2 |  2.2
Fighting       | 2 |  2.1
Short Blades   | |  0.7
Unarmed Combat | |  2.5
Spellcasting   | |  1.6
Translocations | |  2.5

Action                     |  1- 3 |  4- 6 || total
---------------------------+-------+-------++-------
  Melee: Dagger            |    94 |    40 ||   134
         Unarmed           |    12 |       ||    12
         Punch             |     1 |       ||     1
         Headbutt          |       |     3 ||     3
   Cast: Blink             |     2 |     2 ||     4
    Use: Scroll            |     4 |     1 ||     5
         Potion            |     1 |     4 ||     5
   Stab: Distracted        |     1 |       ||     1
         Sleeping          |     1 |       ||     1
 Armour: Robe              |    28 |    27 ||    55
  Dodge: Dodged            |    49 |    42 ||    91

Table legend: (Time is in decaauts)
 A = Elapsed time spent in this place.
 B = Non-inter-level travel time spent in this place.
 C = Inter-level travel time spent in this place.
 D = Time resting spent in this place.
 E = Time spent auto-exploring this place.
 F = Levels seen in this place.
 G = Mean time per level.
                   A        B        C        D        E       F      G
               +--------+--------+--------+--------+--------+-----+--------+
         Total |   1930 |   1815 |    115 |    153 |    838 |   4 |  482.5 |
       Dungeon |   1930 |   1815 |    115 |    153 |    838 |   4 |  482.5 |
               +--------+--------+--------+--------+--------+-----+--------+

Top non-repeatable levels by time:
     D:2: 1100 daAuts
     D:3: 565 daAuts
     D:4: 180 daAuts
     D:1: 83 daAuts
